 Dungeon Crawl Stone Soup version 0.23-a0-448-g1c01f63 (webtiles) character file.

15 Lavandula the Sneak (level 2, -2/22 HPs)
             Began as a Naga Air Elementalist on Nov 21, 2018.
             Slain by Grinder (4 damage)
             ... on level 3 of the Dungeon.
             The game lasted 00:02:30 (342 turns).

Lavandula the Sneak (Naga Air Elementalist)          Turns: 342, Time: 00:02:31

Health: -2/22      AC:  1    Str: 10    XL:     2   Next: 50%
Magic:  3/5        EV: 10    Int: 15    God:
Gold:   27         SH:  0    Dex: 11    Spells: 5/6 levels left

rFire    . . .     SeeInvis +     - Unarmed
rCold    . . .     Gourm    .   (no shield)
rNeg     . . .     Faith    .   a - +0 robe
rPois    +         Spirit   .   (no helmet)
rElec    .         Reflect  .   (no cloak)
rCorr    .         Harm     .   (no gloves)
MR       .....                  (no barding)
Stlth    ++........             (no amulet)
HPRegen  0.07/turn              (no ring)
MPRegen  0.09/turn              (no ring)

@: very slightly contaminated, very slow
A: large, see invisible, deformed body, poison resistance, slowness 2, slow
metabolism 1, spit poison 1, AC +0
a: Spit Poison


You were on level 3 of the Dungeon.
You were not hungry.

You visited 1 branch of the dungeon, and saw 4 of its levels.

You collected 27 gold pieces.

Inventory:

Armour
 a - a +0 robe (worn)
Scrolls
 b - 2 scrolls of identify
Comestibles
 c - a ration


   Skills:
 - Level 1.5 Dodging
 - Level 3.0 Stealth
 + Level 1.0 Unarmed Combat
 - Level 2.6 Spellcasting
 - Level 1.0 Conjurations
 - Level 3.0 Air Magic


You had 5 spell levels left.
You knew the following spells:

 Your Spells              Type           Power        Failure   Level  Hunger
a - Shock                 Conj/Air       #...         10%         1    #......

Your spell library contained the following spells:

 Spells                   Type           Power        Failure   Level  Hunger
 Swiftness                Chrm/Air       #.......     17%         2    ###....
 Static Discharge         Conj/Air       #.......     28%         3    ###....
 Airstrike                Air            ##........   52%         4    #####..
 Lightning Bolt           Conj/Air       #.........   95%         5    ######.


Dungeon Overview and Level Annotations

Branches:
Dungeon (4/15)
 Temple: D:4-7

Altars:

Annotations:
D:3 Grinder


Innate Abilities, Weirdness & Mutations

You cannot wear boots.
Your serpentine skin is tough. (AC +0)
You have supernaturally acute eyesight. (SInv)
Armour fits poorly on your strangely shaped body.
Your system is resistant to poisons. (rPois)
You cover ground very slowly.
You have a slow metabolism.
You can spit poison.


Message History

Confirm with . or Enter, or press ? or * to list all spells.
Aiming: Shock (safe; 10% risk of failure)
Press: ? - help, Shift-Dir - straight line You miscast Shock.
You are very lightly contaminated with residual magic.
Sparks fly from your hands!
Grinder blinks!
Grinder gestures at you. Pain shoots through your body!
* * * LOW HITPOINT WARNING * * *
Grinder gestures at you.
You suddenly lose the ability to move!
You can move again.
You aren't carrying any items that you can evoke.
Unknown command.
Grinder gestures at you.
You suddenly lose the ability to move!
You can move again.
Grinder blinks!
Grinder hits you.
You die...

.##..#.. .... #..
... (...
###.##.##.#
##.####......##.#
.......>..# #5#
##.......## #.#
#.#####)# #.#
....##@######.##.#
#...5...ยง......#
################


You could see Grinder.

Vanquished Creatures
  A leopard gecko (D:4)
  An orc (D:3)
  2 giant cockroaches
  A hobgoblin (D:1)
  A ball python (D:4)
  A bat (D:1)
  2 frilled lizards (D:1)
  2 kobolds
  3 rats (D:1)
14 creatures vanquished.

Notes
Turn   | Place    | Note
-------+----------+-------------------------------------------
     0 | D:1      | Lavandula the Naga Air Elementalist began the quest for the
                  | Orb.
     0 | D:1      | Reached XP level 1. HP: 15/15 MP: 3/3
   150 | D:1      | Reached XP level 2. HP: 19/22 MP: 3/5
   298 | D:4      | Noticed Grinder
   299 | D:4      | Paralysed by Grinder for 4 turns
   314 | D:3      | Reached skill level 1 in Unarmed Combat
   332 | D:3      | HP: 1/22 [Grinder/nerve-wracking pain (6)]
   332 | D:3      | Paralysed by Grinder for 2 turns
   336 | D:3      | Paralysed by Grinder for 4 turns
   342 | D:3      | Slain by Grinder

Vault maps used:
D:1:      dpeg_arrival_court, st_stairs_1, minmay_tiny_reverse_x
D:2:      uniq_natasha
D:3:      first_ration
D:4:      lemuel_doored_altar, serial_rivers, chequers_serial_rivers_marsh,
          chequers_serial_rivers_large_b, chequers_serial_rivers_room_a,
          chequers_serial_rivers_marsh, chequers_serial_rivers_marsh,
          chequers_serial_rivers_marsh, serial_shops, shop, uniq_grinder

Skill      XL: |  1  2 |
---------------+-------+-----
Unarmed Combat | 1 |  1.0
Dodging        | |  1.5
Stealth        | |  3.0
Spellcasting   | |  2.6
Conjurations   | |  1.0
Air Magic      | |  3.0

Action                   || total
-------------------------++-------
Melee: Unarmed           ||     5
 Cast: Shock             ||    13
 Abil: Spit Poison       ||    12
  Use: Scroll            ||     1
       Potion            ||     1
Armor: Robe              ||     2
Dodge: Dodged            ||    15

Table legend:
 A = Non-vault XP
 B = Vault XP
 C = Vault XP percentage of total XP
 D = Non-vault monster count
 E = Vault monster count
 F = Vault count percentage of total count
                 A         B        C        D         E       F
            +---------+---------+-------+---------+---------+-------
      Total |      19 |       3 |  13.6 |      12 |       2 |  14.3
            +---------+---------+-------+---------+---------+-------
        D:1 |       8 |       3 |  27.3 |       7 |       2 |  22.2
        D:2 |       2 |       0 |   0.0 |       1 |       0 |   0.0
        D:3 |       3 |       0 |   0.0 |       1 |       0 |   0.0
        D:4 |       6 |       0 |   0.0 |       3 |       0 |   0.0
            +---------+---------+-------+---------+---------+-------
